[ AOE2 MATCH · #481401115 ]
UnrankedFranks vs Mapuche
[ REPLAY ANALYSIS · EXTRACTED FROM THE RECORDED GAME ]
Feudal
—
Castle
—
Imperial
—
| APM avg | 7.0 |
| APM peak | 26 |
| eAPM avg | 6.2 |
| Villagers / military | 56 / 94 |
Focus
⚔️ 43.4% · 🌾 56.6%
Throwing Axeman ×43 · Knight ×41 · Trebuchet (Packed) ×8 · Monk ×2
Feudal
27:33
Castle
33:07
Imperial
41:57
| APM avg | 4.8 |
| APM peak | 20 |
| eAPM avg | 4.5 |
| Villagers / military | 66 / 42 |
Focus
⚔️ 27.1% · 🌾 72.9%
Bolas Rider ×41 · Trade Cart ×9 · Monk ×1
Feudal
—
Castle
—
Imperial
—
| APM avg | 1.4 |
| APM peak | 24 |
| eAPM avg | 0.6 |
| Villagers / military | 9 / 0 |
Focus
⚔️ 5.9% · 🌾 94.1%
Feudal
11:04
Castle
17:16
Imperial
30:38
| APM avg | 10.4 |
| APM peak | 20 |
| eAPM avg | 8.8 |
| Villagers / military | 102 / 200 |
Focus
⚔️ 27.0% · 🌾 73.0%
Militia ×125 · Battle Elephant ×55 · Spearman ×10 · Trebuchet (Packed) ×5 · Bombard Cannon ×4 · Monk ×1
Feudal
27:43
Castle
39:24
Imperial
44:58
| APM avg | 10.5 |
| APM peak | 41 |
| eAPM avg | 9.0 |
| Villagers / military | 114 / 28 |
Focus
⚔️ 20.2% · 🌾 79.8%
Monk ×9 · Archer ×8 · Knight ×8 · Petard ×3
Feudal
—
Castle
—
Imperial
—
| APM avg | 1.0 |
| APM peak | 27 |
| eAPM avg | 0.7 |
| Villagers / military | 5 / 0 |
Focus
⚔️ 9.1% · 🌾 90.9%
Feudal
26:27
Castle
49:13
Imperial
—
| APM avg | 5.0 |
| APM peak | 40 |
| eAPM avg | 4.2 |
| Villagers / military | 38 / 37 |
Focus
⚔️ 29.5% · 🌾 70.5%
Hand Cannoneer ×32 · Militia ×3 · Spearman ×2
Feudal
—
Castle
—
Imperial
—
| APM avg | 4.4 |
| APM peak | 128 |
| eAPM avg | 4.0 |
| Villagers / military | 9 / 0 |
Focus
⚔️ 0.0% · 🌾 100.0%
Match map
Initial resources + every placement click. Lines = walls · curves = elevation contours. ◆ gold · ⬟ stone · ● berries · ✦ relic · ◌ wall gap
Your base· Open — opponent sealed themselves in
xValidusx's base· ✓ Closed at 33:07 · 20t walls · no gate
CENAZE İŞLERİ's base· Open — opponent sealed themselves in
sarkany_CZ's base· ✓ Closed at 17:16 · 0t walls · no gate
mikinemesis's base· ✓ Closed at 39:24 · 128t walls · 1 gate(s)
MOTHERSHIP's base· Open — opponent sealed themselves in
TerrorHex's base· ✓ Closed at 49:13 · 88t walls · 3 gate(s)
aamerhussain.hr's base· Open — opponent sealed themselves in
Smoothed initial terrain · ◌ = detected wall gap · hover for details
Inputs per minute
— WaitedFire4762 - - xValidusx
Build order — WaitedFire4762
First 150 of 261 actions detected
| 0:10 | Build | House |
| 0:13 | Create | Villager (Male) |
| 0:13 | Create | Villager (Male) |
| 0:13 | Create | Villager (Male) |
| 0:14 | Create | Villager (Male) |
| 0:14 | Research | Loom |
| 1:25 | Build | Mill |
| 3:00 | Build | House |
| 3:04 | Build | House |
| 3:09 | Build | House |
| 3:18 | Create | Villager (Male) |
| 3:18 | Create | Villager (Male) |
| 5:40 | Create | Villager (Male) |
| 5:40 | Create | Villager (Male) |
| 5:40 | Create | Villager (Male) |
| 5:40 | Create | Villager (Male) |
| 7:22 | Create | Villager (Male) |
| 7:22 | Create | Villager (Male) |
| 7:22 | Create | Villager (Male) |
| 7:23 | Create | Villager (Male) |
| 8:15 | Create | Villager (Male) |
| 8:15 | Create | Villager (Male) |
| 8:15 | Create | Villager (Male) |
| 9:56 | Build | Lumber Camp |
| 10:16 | Create | Villager (Male) |
| 10:17 | Create | Villager (Male) |
| 10:17 | Create | Villager (Male) |
| 10:29 | Build | Farm |
| 11:33 | Research | Feudal Age |
| 12:03 | Build | House |
| 12:07 | Build | House |
| 12:11 | Build | House |
| 12:14 | Build | House |
| 12:20 | Build | House |
| 12:24 | Build | House |
| 12:29 | Build | House |
| 12:37 | Build | Farm |
| 13:54 | Research | Wheelbarrow |
| 13:55 | Create | Villager (Male) |
| 13:55 | Create | Villager (Male) |
| 13:55 | Create | Villager (Male) |
| 15:08 | Build | Farm |
| 15:12 | Build | Farm |
| 15:16 | Build | Farm |
| 15:20 | Build | Farm |
| 15:31 | Create | Villager (Male) |
| 15:31 | Create | Villager (Male) |
| 16:32 | Create | Villager (Male) |
| 16:32 | Create | Villager (Male) |
| 16:42 | Build | Farm |
| 16:49 | Create | Villager (Male) |
| 16:50 | Create | Villager (Male) |
| 16:50 | Create | Villager (Male) |
| 17:04 | Create | Villager (Male) |
| 17:04 | Create | Villager (Male) |
| 17:54 | Research | Double-Bit Axe |
| 18:17 | Build | Farm |
| 18:23 | Build | Farm |
| 18:28 | Build | Farm |
| 18:33 | Build | Farm |
| 18:39 | Build | Farm |
| 18:47 | Build | Farm |
| 18:53 | Build | Farm |
| 18:58 | Build | Farm |
| 19:04 | Build | Mill |
| 19:52 | Create | Villager (Male) |
| 19:52 | Create | Villager (Male) |
| 19:53 | Create | Villager (Male) |
| 20:33 | Build | Mining Camp |
| 20:53 | Build | Farm |
| 20:58 | Build | Farm |
| 21:04 | Build | Farm |
| 21:09 | Build | Farm |
| 21:20 | Build | House |
| 21:26 | Build | House |
| 21:31 | Build | House |
| 21:36 | Build | House |
| 21:40 | Build | House |
| 21:45 | Build | House |
| 21:51 | Build | House |
| 21:55 | Build | House |
| 21:59 | Build | House |
| 22:03 | Build | House |
| 22:09 | Build | House |
| 22:31 | Build | House |
| 22:38 | Create | Villager (Male) |
| 22:39 | Create | Villager (Male) |
| 22:39 | Create | Villager (Male) |
| 22:45 | Create | Villager (Male) |
| 22:46 | Create | Villager (Male) |
| 22:59 | Build | Blacksmith |
| 23:06 | Build | Market |
| 23:32 | Create | Villager (Male) |
| 23:32 | Create | Villager (Male) |
| 23:33 | Create | Villager (Male) |
| 23:33 | Create | Villager (Male) |
| 23:33 | Create | Villager (Male) |
| 24:18 | Build | Mining Camp |
| 25:03 | Build | Barracks |
| 25:16 | Research | Gold Mining |
| 25:17 | Research | Stone Mining |
| 25:44 | Create | Villager (Male) |
| 25:44 | Create | Villager (Male) |
| 26:40 | Research | Castle Age |
| 26:45 | Create | Villager (Male) |
| 26:46 | Create | Villager (Male) |
| 27:12 | Build | House |
| 27:18 | Build | House |
| 27:24 | Build | House |
| 27:28 | Build | House |
| 27:34 | Build | House |
| 27:39 | Build | House |
| 29:09 | Research | Forging |
| 29:09 | Research | Scale Mail Armor |
| 29:10 | Research | Scale Barding Armor |
| 29:11 | Research | Fletching |
| 29:12 | Research | Padded Archer Armor |
| 30:16 | Build | House |
| 30:21 | Build | House |
| 30:25 | Build | House |
| 30:29 | Build | House |
| 30:33 | Build | House |
| 30:38 | Build | House |
| 30:45 | Research | Gold Shaft Mining |
| 30:49 | Research | Hand Cart |
| 30:50 | Create | Villager (Male) |
| 30:50 | Create | Villager (Male) |
| 30:51 | Create | Villager (Male) |
| 30:51 | Create | Villager (Male) |
| 30:51 | Create | Villager (Male) |
| 30:56 | Research | Iron Casting |
| 30:57 | Research | Chain Mail Armor |
| 31:12 | Build | Monastery |
| 31:57 | Build | Castle |
| 32:02 | Create | Monk |
| 32:02 | Create | Monk |
| 32:27 | Research | Chain Barding Armor |
| 32:28 | Research | Bodkin Arrow |
| 32:28 | Research | Leather Archer Armor |
| 32:42 | Create | Villager (Male) |
| 32:43 | Create | Villager (Male) |
| 33:29 | Research | Bow Saw |
| 33:49 | Build | Stable |
| 33:55 | Build | Stable |
| 34:04 | Build | Stable |
| 34:10 | Build | Stable |
| 35:08 | Research | Husbandry |
| 35:12 | Create | Knight |
| 35:12 | Create | Knight |
| 35:13 | Create | Knight |
Build order — xValidusx
First 150 of 152 actions detected
| 0:24 | Build | House |
| 0:25 | Build | House |
| 0:27 | Build | House |
| 0:28 | Build | House |
| 0:47 | Build | House |
| 0:48 | Build | House |
| 1:09 | Research | Loom |
| 1:12 | Create | Villager (Male) ×4 |
| 3:32 | Create | Villager (Male) |
| 4:18 | Build | Settlement |
| 4:23 | Create | Villager (Male) |
| 4:24 | Create | Villager (Male) |
| 5:01 | Create | Villager (Male) |
| 5:02 | Create | Villager (Male) |
| 6:38 | Build | Palisade Wall |
| 6:49 | Create | Villager (Male) ×4 |
| 8:28 | Build | Palisade Wall |
| 8:49 | Build | Outpost |
| 8:53 | Build | Outpost |
| 10:34 | Create | Villager (Male) ×5 |
| 10:34 | Create | Villager (Male) |
| 10:43 | Create | Villager (Male) ×5 |
| 10:46 | Create | Villager (Male) |
| 11:10 | Build | Settlement |
| 12:35 | Build | Farm |
| 12:39 | Build | Farm |
| 12:42 | Build | Farm |
| 12:46 | Build | Farm |
| 13:14 | Build | Farm |
| 13:16 | Build | Farm |
| 13:30 | Build | Farm |
| 13:52 | Build | Farm |
| 14:22 | Build | Farm |
| 14:31 | Build | Farm |
| 14:47 | Build | Farm |
| 15:40 | Create | Villager (Male) ×5 |
| 16:16 | Build | Settlement |
| 18:00 | Create | Villager (Male) ×5 |
| 18:37 | Build | Settlement |
| 20:17 | Create | Villager (Male) ×5 |
| 22:28 | Create | Villager (Male) ×5 |
| 22:30 | Research | Feudal Age |
| 23:34 | Build | Farm |
| 23:36 | Build | Farm |
| 23:50 | Build | Farm |
| 24:23 | Build | House |
| 24:24 | Build | House |
| 24:26 | Build | House |
| 24:27 | Build | House |
| 24:28 | Build | House |
| 24:35 | Build | Farm |
| 25:48 | Build | House |
| 25:49 | Build | House |
| 25:50 | Build | House |
| 25:52 | Build | House |
| 25:54 | Build | House |
| 25:55 | Build | House |
| 25:56 | Build | House |
| 26:01 | Build | Farm |
| 26:59 | Build | Farm |
| 27:33 | Age | Feudal Age |
| 27:53 | Research | Wheelbarrow |
| 27:54 | Research | Town Watch |
| 28:00 | Research | Horse Collar |
| 28:01 | Research | Double-Bit Axe |
| 28:02 | Research | Gold Mining |
| 28:02 | Research | Stone Mining |
| 28:32 | Build | Market |
| 28:39 | Build | Blacksmith |
| 30:27 | Research | Castle Age |
| 31:02 | Build | Settlement |
| 31:23 | Research | Forging |
| 31:23 | Research | Scale Mail Armor |
| 31:24 | Research | Padded Archer Armor |
| 31:25 | Research | Fletching |
| 31:39 | Create | Trade Cart ×5 |
| 33:07 | Age | Castle Age |
| 33:28 | Create | Villager (Male) ×5 |
| 33:43 | Research | Heavy Plow |
| 33:44 | Research | Bow Saw |
| 33:45 | Research | Gold Shaft Mining |
| 33:46 | Research | Stone Shaft Mining |
| 33:49 | Research | Elite Skirmisher (upgrade) |
| 33:50 | Research | Pikeman (upgrade) |
| 34:12 | Build | Town Center |
| 35:09 | Research | Iron Casting |
| 35:09 | Research | Chain Mail Armor |
| 35:10 | Research | Leather Archer Armor |
| 35:11 | Research | Bodkin Arrow |
| 35:23 | Build | Monastery |
| 35:28 | Build | University |
| 35:51 | Build | Castle |
| 35:53 | Build | Castle |
| 36:08 | Create | Monk |
| 38:25 | Build | Barracks |
| 38:45 | Research | Malon |
| 38:47 | Research | Imperial Age |
| 38:53 | Research | Hand Cart |
| 39:13 | Research | Town Patrol |
| 40:05 | Build | Farm |
| 40:15 | Create | Villager (Male) ×5 |
| 40:21 | Create | Villager (Male) |
| 41:15 | Build | Archery Range |
| 41:17 | Build | Archery Range |
| 41:20 | Build | Archery Range |
| 41:23 | Build | Archery Range |
| 41:25 | Build | Archery Range |
| 41:44 | Build | Archery Range |
| 41:47 | Build | Archery Range |
| 41:50 | Build | Archery Range |
| 41:57 | Age | Imperial Age |
| 42:12 | Build | Farm |
| 42:14 | Build | Farm |
| 42:18 | Build | Farm |
| 42:34 | Research | Tech 1378 |
| 42:42 | Build | Farm |
| 43:03 | Build | Farm |
| 43:10 | Create | Villager (Male) ×5 |
| 43:48 | Build | Castle |
| 44:18 | Build | Farm |
| 44:20 | Build | Farm |
| 44:33 | Build | Settlement |
| 44:59 | Build | Farm |
| 45:05 | Build | Farm |
| 45:21 | Build | Farm |
| 45:30 | Build | Farm |
| 45:58 | Research | Murder Holes |
| 46:00 | Research | Chemistry |
| 46:03 | Research | Treadmill Crane |
| 46:03 | Research | Masonry |
| 46:04 | Research | Siege Engineers |
| 46:09 | Research | Arrowslits |
| 46:16 | Research | Ballistics |
| 47:40 | Build | Castle |
| 48:12 | Create | Bolas Rider ×5 |
| 48:13 | Create | Bolas Rider ×5 |
| 48:13 | Create | Bolas Rider ×5 |
| 48:13 | Create | Bolas Rider ×5 |
| 48:14 | Create | Bolas Rider ×5 |
| 48:14 | Create | Bolas Rider ×5 |
| 48:14 | Create | Bolas Rider ×5 |
| 48:15 | Create | Bolas Rider ×5 |
| 48:15 | Create | Bolas Rider |
| 48:32 | Create | Trade Cart ×2 |
| 48:40 | Create | Trade Cart |
| 48:43 | Create | Trade Cart |
| 51:27 | Create | Villager (Male) ×5 |
| 51:59 | Build | Settlement |
| 52:50 | Research | Butalmapu |
| 53:19 | Research | Blast Furnace |
Build order — CENAZE İŞLERİ
14 actions detected in the replay
| 0:13 | Build | House |
| 0:14 | Build | House |
| 0:15 | Build | House |
| 0:18 | Build | House |
| 0:20 | Build | House |
| 0:22 | Research | Loom |
| 0:23 | Create | Villager (Male) ×4 |
| 1:21 | Build | Palisade Wall |
| 2:29 | Create | Villager (Male) |
| 2:29 | Create | Villager (Male) |
| 3:02 | Create | Villager (Male) |
| 3:27 | Build | Outpost |
| 3:47 | Create | Villager (Male) |
| 3:47 | Create | Villager (Male) |
Build order — sarkany_CZ
First 150 of 329 actions detected
| 0:06 | Build | House |
| 0:09 | Build | House |
| 0:10 | Create | Villager (Male) |
| 0:10 | Create | Villager (Male) |
| 0:10 | Create | Villager (Male) |
| 0:11 | Create | Villager (Male) |
| 1:46 | Create | Villager (Male) |
| 2:18 | Create | Villager (Male) |
| 2:21 | Create | Villager (Male) |
| 3:20 | Create | Villager (Male) |
| 3:20 | Create | Villager (Male) |
| 3:40 | Build | House |
| 4:13 | Create | Villager (Male) |
| 4:15 | Create | Villager (Male) |
| 5:39 | Create | Villager (Male) |
| 5:39 | Create | Villager (Male) |
| 6:07 | Build | Mill |
| 6:53 | Create | Villager (Male) |
| 6:54 | Create | Villager (Male) |
| 7:14 | Build | House |
| 7:17 | Build | House |
| 7:48 | Create | Villager (Male) |
| 7:48 | Create | Villager (Male) |
| 7:48 | Create | Villager (Male) |
| 8:07 | Create | Villager (Male) |
| 9:09 | Build | Lumber Camp |
| 9:46 | Research | Feudal Age |
| 10:33 | Create | Villager (Male) |
| 10:33 | Create | Villager (Male) |
| 11:04 | Age | Feudal Age |
| 11:20 | Build | Barracks |
| 11:36 | Research | Double-Bit Axe |
| 12:25 | Build | Mining Camp |
| 12:32 | Create | Villager (Male) |
| 12:32 | Create | Villager (Male) |
| 12:52 | Build | Lumber Camp |
| 13:57 | Build | Blacksmith |
| 14:10 | Build | Archery Range |
| 14:41 | Create | Villager (Male) |
| 15:34 | Build | Lumber Camp |
| 15:40 | Research | Castle Age |
| 16:07 | Build | Farm |
| 16:07 | Build | Farm |
| 16:08 | Build | Farm |
| 16:08 | Build | Farm |
| 16:09 | Build | Farm |
| 16:11 | Build | Farm |
| 16:41 | Build | Mining Camp |
| 17:01 | Build | House |
| 17:04 | Build | House |
| 17:16 | Age | Castle Age |
| 17:41 | Build | Town Center |
| 17:46 | Create | Villager (Male) |
| 17:47 | Create | Villager (Male) |
| 17:53 | Build | Farm |
| 17:53 | Build | Farm |
| 17:56 | Build | Farm |
| 18:25 | Research | Horse Collar |
| 18:40 | Build | Farm |
| 18:40 | Build | Farm |
| 18:41 | Build | Farm |
| 19:08 | Create | Villager (Male) |
| 19:10 | Create | Villager (Male) |
| 19:21 | Create | Villager (Male) |
| 19:38 | Build | Farm |
| 19:51 | Create | Villager (Male) |
| 19:51 | Create | Villager (Male) |
| 20:08 | Build | Farm |
| 20:08 | Build | Farm |
| 20:10 | Build | Farm |
| 20:13 | Build | Farm |
| 20:20 | Research | Bow Saw |
| 20:28 | Create | Villager (Male) |
| 21:12 | Create | Villager (Male) |
| 21:12 | Create | Villager (Male) |
| 21:18 | Create | Villager (Male) |
| 21:19 | Create | Villager (Male) |
| 21:39 | Build | Farm |
| 21:39 | Build | Farm |
| 21:40 | Build | Farm |
| 21:41 | Build | Farm |
| 21:47 | Research | Heavy Plow |
| 22:07 | Build | Monastery |
| 22:27 | Create | Villager (Male) |
| 22:27 | Create | Villager (Male) |
| 22:31 | Create | Villager (Male) |
| 22:32 | Create | Villager (Male) |
| 22:48 | Create | Monk |
| 23:41 | Create | Villager (Male) |
| 23:41 | Create | Villager (Male) |
| 23:57 | Build | House |
| 24:00 | Build | House |
| 24:03 | Build | House |
| 24:14 | Build | House |
| 24:16 | Build | House |
| 24:18 | Build | House |
| 24:32 | Create | Villager (Male) |
| 24:32 | Create | Villager (Male) |
| 24:44 | Build | Farm |
| 25:27 | Build | University |
| 25:55 | Create | Villager (Male) |
| 25:55 | Create | Villager (Male) |
| 26:01 | Create | Villager (Male) |
| 26:01 | Create | Villager (Male) |
| 26:26 | Build | Farm |
| 26:27 | Build | Farm |
| 26:28 | Build | Farm |
| 26:29 | Build | Farm |
| 26:48 | Build | Farm |
| 26:53 | Build | Farm |
| 26:59 | Build | Farm |
| 27:04 | Build | Farm |
| 27:10 | Build | Farm |
| 27:54 | Create | Villager (Male) |
| 27:54 | Create | Villager (Male) |
| 27:55 | Create | Villager (Male) |
| 27:56 | Create | Villager (Male) |
| 27:58 | Create | Villager (Male) |
| 28:07 | Research | Stone Mining |
| 28:31 | Research | Imperial Age |
| 29:35 | Create | Villager (Male) |
| 29:35 | Create | Villager (Male) |
| 29:36 | Create | Villager (Male) |
| 29:37 | Create | Villager (Male) |
| 29:37 | Create | Villager (Male) |
| 29:53 | Build | Town Center |
| 30:12 | Create | Villager (Male) |
| 30:12 | Create | Villager (Male) |
| 30:20 | Research | Man-at-Arms (upgrade) |
| 30:26 | Research | Forging |
| 30:38 | Research | Gold Mining |
| 30:38 | Age | Imperial Age |
| 31:00 | Create | Villager (Male) |
| 31:00 | Create | Villager (Male) |
| 31:01 | Create | Villager (Male) |
| 31:24 | Build | Castle |
| 31:34 | Research | Crop Rotation |
| 31:40 | Create | Villager (Male) |
| 31:40 | Create | Villager (Male) |
| 31:41 | Create | Villager (Male) |
| 31:41 | Create | Villager (Male) |
| 31:41 | Create | Villager (Male) |
| 31:44 | Research | Long Swordsman (upgrade) |
| 31:47 | Research | Iron Casting |
| 32:32 | Research | Forced Levy |
| 33:01 | Build | Farm |
| 33:15 | Create | Villager (Male) |
| 33:15 | Create | Villager (Male) |
| 33:15 | Create | Villager (Male) |
| 33:16 | Create | Villager (Male) |
Build order — mikinemesis
First 150 of 297 actions detected
| 0:31 | Research | Loom |
| 0:31 | Create | Villager (Male) |
| 0:32 | Create | Villager (Male) |
| 0:32 | Create | Villager (Male) |
| 0:46 | Build | House |
| 3:52 | Build | Palisade Wall |
| 4:02 | Create | Villager (Male) |
| 5:52 | Build | House |
| 5:57 | Build | House |
| 7:01 | Build | Mill |
| 7:30 | Create | Villager (Male) |
| 9:33 | Create | Villager (Male) |
| 9:33 | Create | Villager (Male) |
| 10:09 | Create | Villager (Male) |
| 11:05 | Create | Villager (Male) |
| 11:05 | Create | Villager (Male) |
| 11:16 | Create | Villager (Male) |
| 11:17 | Create | Villager (Male) |
| 11:47 | Create | Villager (Male) |
| 12:58 | Create | Villager (Male) |
| 12:58 | Create | Villager (Male) |
| 13:53 | Create | Villager (Male) |
| 13:53 | Create | Villager (Male) |
| 13:54 | Create | Villager (Male) |
| 14:13 | Build | Palisade Wall |
| 14:37 | Create | Villager (Male) |
| 14:37 | Create | Villager (Male) |
| 15:16 | Create | Villager (Male) |
| 15:17 | Create | Villager (Male) |
| 15:33 | Build | Lumber Camp |
| 15:46 | Create | Villager (Male) |
| 15:59 | Build | Palisade Wall |
| 16:10 | Build | Palisade Wall |
| 16:28 | Create | Villager (Male) |
| 16:29 | Create | Villager (Male) |
| 16:29 | Create | Villager (Male) |
| 17:22 | Create | Villager (Male) |
| 17:22 | Create | Villager (Male) |
| 17:22 | Create | Villager (Male) |
| 17:23 | Create | Villager (Male) |
| 17:44 | Build | Palisade Wall |
| 18:08 | Build | House |
| 18:10 | Build | House |
| 18:17 | Create | Villager (Male) |
| 18:17 | Create | Villager (Male) |
| 18:18 | Create | Villager (Male) |
| 18:29 | Build | Mill |
| 18:57 | Create | Villager (Male) |
| 18:57 | Create | Villager (Male) |
| 19:36 | Build | House |
| 19:40 | Build | House |
| 20:33 | Create | Villager (Male) |
| 20:33 | Create | Villager (Male) |
| 20:33 | Create | Villager (Male) |
| 21:06 | Create | Villager (Male) |
| 21:07 | Create | Villager (Male) |
| 21:15 | Build | House |
| 21:16 | Build | House |
| 21:17 | Build | House |
| 21:17 | Build | House |
| 21:29 | Build | Mining Camp |
| 21:57 | Build | Farm |
| 22:00 | Build | Farm |
| 22:04 | Create | Villager (Male) |
| 22:04 | Create | Villager (Male) |
| 22:05 | Create | Villager (Male) |
| 22:05 | Create | Villager (Male) |
| 22:18 | Build | Farm |
| 22:23 | Build | Farm |
| 23:11 | Build | Farm |
| 23:16 | Build | Farm |
| 23:27 | Create | Villager (Male) |
| 23:27 | Create | Villager (Male) |
| 23:27 | Create | Villager (Male) |
| 23:27 | Create | Villager (Male) |
| 24:08 | Build | Farm |
| 25:17 | Research | Feudal Age |
| 25:30 | Build | Mining Camp |
| 25:51 | Build | Mining Camp |
| 26:36 | Build | House |
| 26:37 | Build | House |
| 26:38 | Build | House |
| 26:40 | Build | House |
| 26:44 | Build | House |
| 26:46 | Build | House |
| 27:08 | Build | Mining Camp |
| 27:43 | Age | Feudal Age |
| 27:53 | Build | Stone Wall |
| 28:06 | Build | Stone Wall |
| 28:13 | Research | Wheelbarrow |
| 28:17 | Research | Double-Bit Axe |
| 28:24 | Build | Lumber Camp |
| 29:03 | Research | Gold Mining |
| 29:04 | Research | Stone Mining |
| 29:19 | Build | Stone Wall |
| 29:39 | Create | Villager (Male) |
| 29:39 | Create | Villager (Male) |
| 29:39 | Create | Villager (Male) |
| 29:39 | Create | Villager (Male) |
| 29:40 | Create | Villager (Male) |
| 29:56 | Build | Stone Wall |
| 30:27 | Build | Stone Wall |
| 30:44 | Build | Farm |
| 30:47 | Build | Farm |
| 30:50 | Create | Villager (Male) |
| 30:50 | Create | Villager (Male) |
| 30:50 | Create | Villager (Male) |
| 30:51 | Create | Villager (Male) |
| 31:05 | Build | Barracks |
| 31:10 | Build | Blacksmith |
| 31:24 | Create | Villager (Male) |
| 31:24 | Create | Villager (Male) |
| 31:24 | Create | Villager (Male) |
| 31:24 | Create | Villager (Male) |
| 31:52 | Build | Stone Wall |
| 32:16 | Build | Farm |
| 32:20 | Build | Farm |
| 32:27 | Build | Mill |
| 32:33 | Build | Archery Range |
| 32:48 | Build | Farm |
| 33:06 | Build | Farm |
| 33:08 | Create | Villager (Male) |
| 33:09 | Create | Villager (Male) |
| 33:18 | Create | Villager (Male) |
| 33:18 | Create | Villager (Male) |
| 33:25 | Build | Farm |
| 33:29 | Build | Farm |
| 33:40 | Build | Mill |
| 34:08 | Build | Archery Range |
| 34:42 | Build | Farm |
| 34:49 | Build | Farm |
| 34:53 | Build | Farm |
| 34:59 | Build | Farm |
| 35:23 | Build | Farm |
| 35:38 | Build | Watch Tower |
| 35:41 | Create | Archer |
| 35:41 | Create | Archer |
| 35:42 | Create | Archer |
| 35:42 | Create | Archer |
| 35:53 | Research | Castle Age |
| 36:07 | Research | Padded Archer Armor |
| 36:08 | Research | Fletching |
| 36:09 | Research | Forging |
| 36:10 | Research | Scale Mail Armor |
| 37:02 | Create | Archer |
| 37:02 | Create | Archer |
| 37:03 | Create | Archer |
| 37:03 | Create | Archer |
| 37:23 | Build | Watch Tower |
| 37:40 | Research | Scale Barding Armor |
Build order — MOTHERSHIP
9 actions detected in the replay
| 0:03 | Build | House |
| 0:05 | Build | House |
| 0:17 | Research | Loom |
| 0:17 | Create | Villager (Male) |
| 0:18 | Create | Villager (Male) |
| 0:18 | Create | Villager (Male) |
| 0:18 | Create | Villager (Male) |
| 0:19 | Create | Villager (Male) |
| 0:47 | Build | Palisade Wall |
Build order — TerrorHex
141 actions detected in the replay
| 0:48 | Build | Palisade Wall |
| 1:31 | Create | Villager (Male) |
| 1:31 | Create | Villager (Male) |
| 2:10 | Build | House |
| 2:11 | Build | House |
| 2:15 | Create | Villager (Male) |
| 2:15 | Create | Villager (Male) |
| 2:16 | Create | Villager (Male) |
| 6:29 | Create | Villager (Male) |
| 7:19 | Build | Palisade Gate |
| 9:01 | Build | Palisade Wall |
| 9:27 | Build | Mill |
| 10:21 | Build | Palisade Wall |
| 10:54 | Create | Villager (Male) |
| 10:55 | Create | Villager (Male) |
| 10:55 | Create | Villager (Male) |
| 10:56 | Create | Villager (Male) |
| 12:09 | Build | Barracks |
| 13:03 | Build | Palisade Wall |
| 13:16 | Create | Militia |
| 14:24 | Build | Palisade Wall |
| 15:14 | Build | Lumber Camp |
| 16:32 | Create | Militia |
| 16:34 | Create | Militia |
| 20:53 | Create | Villager (Male) |
| 24:17 | Research | Feudal Age |
| 25:57 | Create | Villager (Male) |
| 25:57 | Create | Villager (Male) |
| 26:27 | Age | Feudal Age |
| 26:38 | Build | House |
| 26:41 | Build | House |
| 26:43 | Build | House |
| 26:44 | Build | House |
| 27:12 | Build | Farm |
| 27:16 | Build | Farm |
| 27:20 | Build | Farm |
| 27:33 | Build | Stone Wall |
| 28:06 | Research | Arson |
| 28:09 | Create | Spearman |
| 28:55 | Build | Market |
| 29:06 | Create | Villager (Male) |
| 29:06 | Create | Villager (Male) |
| 29:06 | Create | Villager (Male) |
| 30:43 | Research | Wheelbarrow |
| 31:18 | Build | Farm |
| 31:34 | Create | Spearman |
| 32:23 | Create | Villager (Male) |
| 32:23 | Create | Villager (Male) |
| 32:23 | Create | Villager (Male) |
| 32:41 | Build | Mining Camp |
| 33:28 | Create | Villager (Male) |
| 33:28 | Create | Villager (Male) |
| 33:29 | Create | Villager (Male) |
| 33:29 | Create | Villager (Male) |
| 33:48 | Create | Villager (Male) |
| 33:48 | Create | Villager (Male) |
| 33:48 | Create | Villager (Male) |
| 33:59 | Build | Farm |
| 34:37 | Build | Stone Wall |
| 37:15 | Build | Stone Wall |
| 38:48 | Create | Villager (Male) |
| 38:48 | Create | Villager (Male) |
| 38:48 | Create | Villager (Male) |
| 38:49 | Create | Villager (Male) |
| 38:49 | Create | Villager (Male) |
| 38:50 | Create | Villager (Male) |
| 38:50 | Create | Villager (Male) |
| 38:50 | Create | Villager (Male) |
| 38:51 | Create | Villager (Male) |
| 38:51 | Create | Villager (Male) |
| 38:51 | Create | Villager (Male) |
| 38:51 | Create | Villager (Male) |
| 39:36 | Build | Archery Range |
| 39:41 | Build | Archery Range |
| 39:45 | Build | Archery Range |
| 39:47 | Build | Archery Range |
| 39:50 | Build | Archery Range |
| 39:52 | Build | Archery Range |
| 39:55 | Build | Archery Range |
| 40:21 | Research | Double-Bit Axe |
| 40:30 | Research | Horse Collar |
| 41:27 | Build | Gate |
| 41:39 | Build | Farm |
| 41:48 | Build | Farm |
| 42:40 | Build | House |
| 42:42 | Build | House |
| 42:46 | Build | House |
| 42:48 | Build | House |
| 42:49 | Build | House |
| 42:52 | Build | House |
| 42:54 | Build | House |
| 42:55 | Build | House |
| 42:57 | Build | House |
| 42:58 | Build | House |
| 43:32 | Build | Palisade Gate |
| 46:18 | Build | Farm |
| 46:33 | Research | Castle Age |
| 47:05 | Build | Mining Camp |
| 49:13 | Age | Castle Age |
| 49:26 | Build | University |
| 50:42 | Research | Chemistry |
| 50:55 | Research | Ballistics |
| 51:32 | Build | House |
| 51:34 | Build | House |
| 51:36 | Build | House |
| 51:38 | Build | House |
| 51:40 | Build | House |
| 51:42 | Build | House |
| 51:44 | Build | House |
| 52:45 | Create | Hand Cannoneer |
| 52:46 | Create | Hand Cannoneer |
| 52:46 | Create | Hand Cannoneer |
| 52:46 | Create | Hand Cannoneer |
| 52:46 | Create | Hand Cannoneer |
| 52:47 | Create | Hand Cannoneer |
| 52:47 | Create | Hand Cannoneer |
| 52:47 | Create | Hand Cannoneer |
| 52:47 | Create | Hand Cannoneer |
| 52:47 | Create | Hand Cannoneer |
| 52:48 | Create | Hand Cannoneer |
| 52:48 | Create | Hand Cannoneer |
| 52:48 | Create | Hand Cannoneer |
| 52:49 | Create | Hand Cannoneer |
| 52:49 | Create | Hand Cannoneer |
| 52:49 | Create | Hand Cannoneer |
| 52:49 | Create | Hand Cannoneer |
| 52:50 | Create | Hand Cannoneer |
| 52:50 | Create | Hand Cannoneer |
| 52:50 | Create | Hand Cannoneer |
| 52:51 | Create | Hand Cannoneer |
| 52:51 | Create | Hand Cannoneer |
| 52:51 | Create | Hand Cannoneer |
| 52:51 | Create | Hand Cannoneer |
| 52:52 | Create | Hand Cannoneer |
| 52:52 | Create | Hand Cannoneer |
| 52:52 | Create | Hand Cannoneer |
| 52:52 | Create | Hand Cannoneer |
| 52:52 | Create | Hand Cannoneer |
| 52:53 | Create | Hand Cannoneer |
| 52:53 | Create | Hand Cannoneer |
| 52:53 | Create | Hand Cannoneer |
Build order — aamerhussain.hr
12 actions detected in the replay
| 0:05 | Research | Loom |
| 0:05 | Create | Villager (Male) |
| 0:06 | Create | Villager (Male) |
| 0:06 | Create | Villager (Male) |
| 0:06 | Create | Villager (Male) |
| 0:07 | Create | Villager (Male) |
| 0:14 | Build | House |
| 0:16 | Build | House |
| 3:27 | Create | Villager (Male) |
| 3:27 | Create | Villager (Male) |
| 3:28 | Create | Villager (Male) |
| 3:55 | Create | Villager (Male) |
Match timeline
| 0:47 | MOTHERSHIP · wall_segment Palisade Wall x11 |
| 0:48 | TerrorHex · wall_segment Palisade Wall x16 |
| 1:21 | CENAZE İŞLERİ · wall_segment Palisade Wall x9 |
| 3:37 | MOTHERSHIP · resign |
| 3:52 | mikinemesis · wall_segment Palisade Wall x10 |
| 6:38 | xValidusx · wall_segment Palisade Wall x8 |
| 8:28 | xValidusx · wall_segment Palisade Wall x12 |
| 9:01 | TerrorHex · wall_segment Palisade Wall x12 |
| 10:21 | TerrorHex · wall_segment Palisade Wall x11 |
| 11:04 | sarkany_CZ · age_up feudal |
| 11:20 | sarkany_CZ · first_building Barracks |
| 12:09 | TerrorHex · first_building Barracks |
| 13:03 | TerrorHex · wall_segment Palisade Wall x10 |
| 14:10 | sarkany_CZ · first_building Archery Range |
| 14:13 | mikinemesis · wall_segment Palisade Wall x12 |
| 14:24 | TerrorHex · wall_segment Palisade Wall x14 |
| 15:59 | mikinemesis · wall_segment Palisade Wall x17 |
| 16:10 | mikinemesis · wall_segment Palisade Wall x13 |
| 17:16 | sarkany_CZ · age_up castle |
| 17:44 | mikinemesis · wall_segment Palisade Wall x15 |
| 22:07 | sarkany_CZ · first_building Monastery |
| 25:03 | WaitedFire4762 · first_building Barracks |
| 26:27 | TerrorHex · age_up feudal |
| 27:33 | TerrorHex · wall_segment Stone Wall x15 |
| 27:33 | xValidusx · age_up feudal |
| 27:43 | mikinemesis · age_up feudal |
| 27:53 | mikinemesis · wall_segment Stone Wall x10 |
| 28:06 | mikinemesis · wall_segment Stone Wall x11 |
| 29:19 | mikinemesis · wall_segment Stone Wall x14 |
| 29:56 | mikinemesis · wall_segment Stone Wall x18 |
| 30:27 | mikinemesis · wall_segment Stone Wall x10 |
| 30:38 | sarkany_CZ · age_up imperial |
| 31:05 | mikinemesis · first_building Barracks |
| 31:12 | WaitedFire4762 · first_building Monastery |
| 31:24 | sarkany_CZ · first_building Castle |
| 31:52 | mikinemesis · wall_segment Stone Wall x9 |
| 31:57 | WaitedFire4762 · first_building Castle |
| 32:33 | mikinemesis · first_building Archery Range |
| 33:07 | xValidusx · age_up castle |
| 33:36 | TerrorHex · first_market_sell 100 wood |
| 33:43 | TerrorHex · first_market_buy 100 food |
| 33:49 | WaitedFire4762 · first_building Stable |
| 34:37 | TerrorHex · wall_segment Stone Wall x9 |
| 35:23 | xValidusx · first_building Monastery |
| 35:51 | xValidusx · first_building Castle |
| 37:15 | TerrorHex · wall_segment Stone Wall x11 |
| 38:25 | xValidusx · first_building Barracks |
| 39:24 | mikinemesis · age_up castle |
| 39:36 | TerrorHex · first_building Archery Range |
| 40:04 | mikinemesis · first_building Monastery |
| 40:32 | mikinemesis · first_building Castle |
| 41:04 | mikinemesis · wall_segment Stone Wall x17 |
| 41:15 | xValidusx · first_building Archery Range |
| 41:49 | sarkany_CZ · first_building Stable |
| 41:57 | xValidusx · age_up imperial |
| 44:58 | mikinemesis · age_up imperial |
| 47:31 | mikinemesis · first_building Stable |
| 47:58 | sarkany_CZ · first_building Siege Workshop |
| 49:13 | TerrorHex · age_up castle |
[ AI ANALYSIS · 1 CREDIT ]
What really happened in this match?
Wolo.gg analyzes every decision: build order, eco, micro, common mistakes by bracket. Personalized analysis on WhatsApp or Discord in 30 seconds.
Civ guide
Franks
Perfil
WaitedFire4762